 Dungeon Crawl Stone Soup version 0.27.0-1-g7a089689b8 (webtiles) character file.

Game seed: 2155419580799644845

17 SnakkuSnakku7 the Grave Robber (level 2, -1/15 HPs)
             Began as a Gargoyle Necromancer on Aug 5, 2021.
             Killed from afar by a dart slug (2 damage)
             ... with a slug dart
             ... on level 1 of the Dungeon.
             The game lasted 00:00:52 (325 turns).

SnakkuSnakku7 the Grave Robber (GrNe)                Turns: 325, Time: 00:00:54

Health: -1/15      AC:  4    Str: 11    XL:     2   Next: 62%
Magic:  2/5        EV: 11    Int: 15    God:
Gold:   42         SH:  0    Dex: 10    Spells: 4/5 levels left

rFire    . . .     SeeInvis .   b - +0 club
rCold    . . .     Faith    .   (no shield)
rNeg     + . .     Spirit   .   a - +0 robe
rPois    ∞         Reflect  .   (no helmet)
rElec    +         Harm     .   (no cloak)
rCorr    .         Rampage  .   (no gloves)
Will     .....                  (no boots)
Stlth    ++........             (no amulet)
HPRegen  0.05/turn              (no ring)
MPRegen  0.09/turn              (no ring)

@: no status effects
A: sickness immunity, AC +2, negative energy resistance 1, electricity
resistance, torment resistance 1, petrification resistance
a: no special abilities


You were on level 1 of the Dungeon.
You visited 1 branch of the dungeon, and saw 1 of its levels.

You collected 42 gold pieces.

Inventory:

Hand Weapons
 b - a +0 club (weapon)
Armour
 a - a +0 robe (worn)
 d - a +0 chain mail
Scrolls
 c - a scroll of teleportation {unknown}


   Skills:
 - Level 1.5 Dodging
 - Level 2.1 Stealth
 - Level 2.0 Spellcasting
 + Level 3.9 Necromancy


You had 4 spell levels left.
You knew the following spells:

 Your Spells              Type           Power      Damage    Failure   Level
a - Pain                  Necr           52%        1d6       4%          1

Your spell library contained the following spells:

 Spells                   Type           Power      Damage    Failure   Level
 Animate Skeleton         Necr           26%        N/A       4%          1
 Vampiric Draining        Necr           6%         2d6       14%         3
 Animate Dead             Necr           6%         N/A       41%         4
 Agony                    Necr           13%        N/A       77%         5


Dungeon Overview and Level Annotations

Branches:
Dungeon (1/15)

Altars:


Innate Abilities, Weirdness & Mutations

You are immune to sickness and miasma.
Your stone body is resilient. (AC +2)
You are immune to poison.
You resist negative energy. (rN+)
You are resistant to electric shocks. (rElec)
You are resistant to unholy torment.
You are immune to petrification.


Message History

Confirm with . or Enter, or press ? or * to list all spells.
You can't see any susceptible monsters within range! (Use Z to cast anyway.) Unknown command.
You now have 30 gold pieces (gained 4).
You now have 42 gold pieces (gained 12).
A goblin comes into view. It is wielding a +0 club.
The goblin shouts!
You hear an angry hiss.
Found 28 stones.
A goblin is nearby!
A goblin is nearby!
Casting: Pain (safe; 4% risk of failure)
Confirm with . or Enter, or press ? or * to list all spells.
You can't see any susceptible monsters within range! (Use Z to cast anyway.) Unknown command.
A frilled lizard and a dart slug come into view.
The frilled lizard hisses angrily.
Casting: Pain (safe; 4% risk of failure)
Confirm with . or Enter, or press ? or * to list all spells.
Aiming: Pain (safe; 4% risk of failure)
Press: ? - help, Shift-Dir - straight line, f - goblin
Aim: a goblin, wielding a +0 club (chance to affect: 83%)
The goblin writhes in agony.
Casting: Pain (safe; 4% risk of failure)
Confirm with . or Enter, or press ? or * to list all spells.
Aiming: Pain (safe; 4% risk of failure)
Press: ? - help, Shift-Dir - straight line, f/p - goblin
Aim: a goblin, wielding a +0 club (severely wounded, chance to affect: 83%)
The goblin writhes in agony.
You kill the goblin!
A ball python comes into view.
Casting: Pain (safe; 4% risk of failure)
Confirm with . or Enter, or press ? or * to list all spells.
Aiming: Pain (safe; 4% risk of failure)
Press: ? - help, Shift-Dir - straight line, f - frilled lizard
Aim: a frilled lizard (chance to affect: 83%)
The frilled lizard writhes in agony.
You kill the frilled lizard!
The dart slug launches a dart at you. The slug dart hits you.
You die...

#.S #.. ### #..
#.. . #..
#.##....... ###
#.. #.. l....(.
... #..
#.##.....w. ###
#..###)##.......
#..@.....w......
#.####.##.......
#.###...#...?...
#............#
#####...#.####
##.....# ####..#
#..# #..# #


You could see a dart slug and a ball python (asleep).

Vanquished Creatures
  A dart slug (D:1)
  A ball python (D:1)
  A giant cockroach (D:1)
  5 goblins (D:1)
  A hobgoblin (D:1)
  A quokka (D:1)
  A bat (D:1)
  2 frilled lizards (D:1)
  A rat (D:1)
14 creatures vanquished.

Notes
Turn   | Place    | Note
-------+----------+-------------------------------------------
     0 | D:1      | SnakkuSnakku7 the Gargoyle Necromancer began the quest for
                  | the Orb.
     0 | D:1      | Reached XP level 1. HP: 10/10 MP: 3/3
   124 | D:1      | Reached XP level 2. HP: 7/15 MP: 3/5
   207 | D:1      | Found a faded altar of an unknown god.
   325 | D:1      | Killed from afar by a dart slug

Illustrated notes

Levels and vault maps discovered:
D:1:      mrwooster_arrival_statue_3, layout_loops_ring, basic_ecumenical_altar,
          st_stairs_7

Action                   || total
-------------------------++-------
Melee: Club              ||     9
 Cast: Pain              ||    20
Armor: Robe              ||     1
Dodge: Dodged            ||     6
